 Dungeon Crawl Stone Soup version 0.31-a0-854-g362426d53f (webtiles) character file.

Game seed: 9890628691241949035

1924828 Flugkiller the Intangible (level 27, 218/218 HPs)
             Began as a Tengu Hunter on Oct 8, 2023.
             Was the Champion of Okawaru.
             Escaped with the Orb
             ... and 3 runes!
             The game lasted 01:36:18 (52933 turns).

Flugkiller the Intangible (Tengu Hunter)           Turns: 52933, Time: 01:36:18

Health: 218/218    AC: 20    Str: 18 (19) XL:     27
Magic:  33/33      EV: 54    Int: 10      God:    Okawaru [******]
Gold:   4365       SH:  0    Dex: 41      Spells: 26/26 levels left

rFire   + + .        X - +9 longbow (freeze)
rCold   + . .        (shield currently unavailable)
rNeg    . . .        Y - quicksilver dragon scales of Relativism {Fly rPois Will+ Dex+5}
rPois   +            A - +2 hat {SInv}
rElec   +            S - scarf {rC+ rF+}
rCorr   .            C - +2 pair of gloves {Dex+3}
SInv    +            (boots unavailable)
Will    +++..        H - amulet of regeneration
Stlth   +            T - ring "Cosm" {rElec Str+3 Dex+6}
HPRegen 1.36/turn    p - ring of protection from fire
MPRegen 0.23/turn

%: acrobat
@: flying, studying 2 skills
A: beak, talons 3, evasive flight, acrobatic, deterioration 1, mutation
resistance 1, passive freeze, robust 1, no potion heal 1
0: Orb of Zot
}: 3/15 runes: decaying, serpentine, slimy
a: Renounce Religion, Heroism, Finesse, Duel


You escaped.
You worshipped Okawaru.
Okawaru was exalted by your worship.
You visited 11 branches of the dungeon, and saw 52 of its levels.
You also visited: Trove, Ossuary, Bailey, Ice Cave and Desolation.

You collected 5928 gold pieces.
You spent 1563 gold pieces at shops.

Inventory:

Hand Weapons
 v - the +0 scimitar "Cipavi Orph" {drain, Will+ Str+2 Dex+3}
   (You found it on level 5 of the Realm of Zot)

   Str+2:     It affects your strength (+2).
   Dex+3:     It affects your dexterity (+3).
   Will+:     It increases your willpower.
 X - a +9 longbow of freezing (weapon)
   (Okawaru gifted it to you on level 2 of the Lair of Beasts)
Missiles
 a - 8 curare-tipped darts
 r - 4 throwing nets
Armour
 A - a +2 hat of see invisible (worn)
   (You found it in an ice cave)
 C - a +2 pair of gloves of dexterity (worn)
   (You took it off Nikola on level 3 of the Snake Pit)
 S - a scarf of resistance (worn)
   (You bought it in a shop on level 2 of the Orcish Mines)
 Y - the quicksilver dragon scales of Relativism (worn) {Fly rPois Will+ Dex+5}
   (Okawaru gifted it to you on level 2 of the Lair of Beasts)

   Dex+5:     It affects your dexterity (+5).
   rPois:     It protects you from poison Will+: It increases your willpower.
   Fly:       It grants you flight.
Jewellery
 b - the ring of Sifuuh {+Blink rF- rC+ Will+ AC+4 Dex+6}
   (You found it on level 1 of the Vaults)

   [ring of protection]

   AC+4:      It affects your AC (+4).
   Dex+6:     It affects your dexterity (+6).
   rF-:       It makes you vulnerable to fire.
   rC+:       It protects you from cold.
   Will+:     It increases your willpower.
   +Blink:    It lets you blink.
 c - a ring of protection from cold
   (You found it on level 6 of the Dungeon)
 f - a ring of protection from fire
   (You found it on level 5 of the Pits of Slime)
 i - a ring of see invisible
   (You found it on level 7 of the Dungeon)
 j - a +4 ring of slaying
   (You found it on level 1 of the Snake Pit)
 p - a ring of protection from fire (right hand)
   (You found it on level 11 of the Dungeon)
 H - an amulet of regeneration (around neck)
   (You took it off Duvessa on level 7 of the Dungeon)
 T - the ring "Cosm" (left hand) {rElec Str+3 Dex+6}
   (You found it on level 5 of the Pits of Slime)

   [ring of dexterity]

   Str+3:     It affects your strength (+3).
   Dex+6:     It affects your dexterity (+6).
   rElec:     It insulates you from electricity.
Wands
 F - a wand of mindburst (68)
   (You took it off Pikel on level 7 of the Dungeon)
 G - a wand of paralysis (44)
   (You took it off a gnoll bouda on level 7 of the Dungeon)
 L - a wand of quicksilver (51)
   (You found it on level 9 of the Dungeon)
 U - a wand of iceblast (57)
   (You found it on level 1 of the Lair of Beasts)
Scrolls
 e - 9 scrolls of enchant armour
 g - 9 scrolls of fear
 t - 11 scrolls of teleportation
 y - 7 scrolls of vulnerability
 z - 3 scrolls of blinking
 B - 11 scrolls of poison
 D - 7 scrolls of fog
 J - 9 scrolls of immolation
 K - 6 scrolls of torment
 M - 2 scrolls of revelation
 Q - 3 scrolls of silence
Potions
 d - 12 potions of might
 h - 4 potions of haste
 k - 9 potions of brilliance
 l - 9 potions of lignification
 m - 7 potions of enlightenment
 n - 5 potions of resistance
 q - 14 potions of curing
 s - 3 potions of invisibility
 u - 11 potions of cancellation
 w - 7 potions of heal wounds
 x - 3 potions of ambrosia
 E - 3 potions of berserk rage
 I - 6 potions of attraction
 P - 4 potions of mutation
 W - 11 potions of magic
Miscellaneous
 o - a tin of tremorstones (2/2)
   (You found it on level 1 of the Vaults)
 O - a phial of floods
   (You found it in an ice cave)


   Skills:
 O Level 27 Fighting
 - Level 20.0 Ranged Weapons
 - Level 14.0 Armour
 O Level 27 Dodging
 - Level 1.0 Stealth
 - Level 12.0 Invocations
 + Level 18.1 Evocations


You had 26 spell levels left.
You didn't know any spells.
Your spell library contained the following spells:

 Spells                   Type           Power      Damage    Failure   Level
 Apportation              Tloc           0%         N/A       50%         1
 Necrotise                Necr           0%         1d4       50%         1
 Sandblast                Erth           0%         2d4       50%         1
 Shock                    Conj/Air       0%         1d3       50%         1
 Slow                     Hex            0%         N/A       50%         1
 Sting                    Tmut/Pois      0%         1d3       50%         1
 Blink                    Tloc           0%         N/A       65%         2
 Lesser Beckoning         Tloc           0%         N/A       65%         2
 Momentum Strike          Conj/Tloc      0%         3d8       65%         2
 Passwall                 Tmut/Erth      0%         N/A       65%         2
 Poisonous Vapours        Pois/Air       0%         N/A       65%         2
 Sublimation of Blood     Necr           0%         N/A       65%         2
 Wereblood                Tmut           0%         N/A       65%         2
 Confusing Touch          Hex            0%         N/A       86%         3
 Dazzling Flash           Conj/Hex       0%         N/A       86%         3
 Frozen Ramparts          Ice            0%         1d1       86%         3
 Gell's Gravitas          Tloc           0%         N/A       86%         3
 Inner Flame              Hex/Fire       0%         N/A       86%         3
 Mephitic Cloud           Conj/Pois/Air  0%         N/A       86%         3
 Ozocubu's Armour         Ice            0%         N/A       86%         3
 Sigil of Binding         Hex            0%         N/A       86%         3
 Stone Arrow              Conj/Erth      0%         3d7       86%         3
 Swiftness                Air            0%         N/A       86%         3
 Teleport Other           Tloc           0%         N/A       86%         3
 Vampiric Draining        Necr           0%         2d6       86%         3
 Airstrike                Air            0%         2d(0-16)  99%         4
 Brom's Barrelling Bould  Conj/Erth      0%         2d3       99%         4
 Cause Fear               Hex            0%         N/A       99%         4
 Dimensional Bullseye     Hex/Tloc       0%         N/A       99%         4
 Flame Wave               Conj/Fire      0%         2d4       99%         4
 Leda's Liquefaction      Hex/Erth       0%         N/A       99%         4
 Olgreb's Toxic Radiance  Pois           0%         N/A       99%         4
 Passage of Golubria      Tloc           0%         N/A       99%         4
 Petrify                  Tmut/Erth      0%         N/A       99%         4
 Sticky Flame             Conj/Fire      0%         2d3       99%         4
 Vhi's Electric Charge    Tloc/Air       0%         N/A       99%         4
 Agony                    Necr           0%         N/A       100%        5
 Alistair's Intoxication  Tmut/Pois      0%         N/A       100%        5
 Arcjolt                  Conj/Air       0%         1d10      100%        5
 Borgnjor's Vile Clutch   Necr/Erth      0%         N/A       100%        5
 Fireball                 Conj/Fire      0%         3d3       100%        5
 Freezing Cloud           Conj/Ice/Air   0%         6-21      100%        5
 Irradiate                Conj/Tmut      0%         3d11      100%        5
 Metabolic Englaciation   Hex/Ice        0%         N/A       100%        5
 Silence                  Hex/Air        0%         N/A       100%        5
 Eringya's Noxious Bog    Tmut/Pois      0%         4d6       100%        6
 Ozocubu's Refrigeration  Ice            0%         4d7       100%        7
 Lehudib's Crystal Spear  Conj/Erth      0%         10d2      100%        8
 Maxwell's Capacitive Co  Air            0%         ∞         100%        8
 Polar Vortex             Ice            0%         N/A       100%        9
 Summon Small Mammal      Summ           Unusable   N/A       N/A         1
 Call Canine Familiar     Summ           Unusable   N/A       N/A         3
 Simulacrum               Ice/Necr       Unusable   N/A       N/A         6
 Summon Hydra             Summ           Unusable   N/A       N/A         7
 Dragon's Call            Summ           Unusable   N/A       N/A         9

Dungeon Overview and Level Annotations

Branches:
Dungeon (15/15)            Temple (1/1) D:5            Lair (5/5) D:8
  Swamp (4/4) Lair:3        Snake (4/4) Lair:3        Slime (5/5) Lair:5
    Orc (2/2) D:9             Elf (3/3) Orc:2        Vaults (4/5) D:13
  Crypt (0/3) Vaults:2     Depths (4/4) D:15            Zot (5/5) Depths:4
Ossuary (visited)          Bailey (visited)           IceCv (visited)
Desolation (visited)

Altars:
Ashenzari
Cheibriados
Dithmenos
Elyvilon
Fedhas
Gozag
Hepliaklqana
Kikubaaqudgha
Makhleb
Nemelex Xobeh
Okawaru
Qazlal
Ru
Sif Muna
Trog
Uskayaw
Vehumet
Wu Jian
Xom
Yredelemnul
Zin
The Shining One
Jiyva
Lugonu

Shops:
D:2 :   D:5 ?   D:14 ?   D:15 (   Orc:1 [   Orc:2 [=!:   Elf:1 [   Snake:3 *
Vaults:4 ((   Depths:2 :=:*

Portals:
Hell: Depths:1 Depths:2 Depths:3 Depths:4
Abyss: Lair:5 Depths:2 Depths:3 Depths:4
Pandemonium: Depths:1 Depths:2 Depths:4
Ziggurat: Depths:2

Annotations:
D:8 2 transporters
D:11 3 runed translucent doors, Armakuni's ghost, journeyman HuWn
D:12 2 transporters, Afrar's ghost, journeyman FoFi
Elf:2 4 runed translucent doors, ipx's ghost, adept VSFi
Vaults:2 3 runed translucent doors, Nitziur's ghost, adept DrCj; Plog's ghost, adept AtMo
Depths:1 3 runed translucent doors, Ceed's ghost, adept MfGl


Innate Abilities, Weirdness & Mutations

You have a beak for a mouth.
You have claws for feet.
Your magical flight helps you evade attacks. (EV +4)
You can magically evade attacks while moving or waiting.
Your body sometimes deteriorates upon taking damage.
You are somewhat resistant to further mutation.
A frigid envelope surrounds you and freezes all who hurt you.
You are robust. (+10% HP)
Potions are less effective at restoring your health.


Message History

The Orb Guardian is lightly wounded.
You shoot an arrow.
The arrow hits the Orb Guardian but does no damage.
The Orb Guardian is lightly wounded.
You shoot an arrow.
The arrow barely misses the Orb Guardian.
You shoot an arrow. The arrow hits the Orb Guardian!!!
The arrow freezes the Orb Guardian.
The Orb Guardian is heavily wounded.
You shoot an arrow. The arrow hits the Orb Guardian!
The arrow freezes the Orb Guardian!
The Orb Guardian is almost dead.
You shoot an arrow. The arrow hits the Orb Guardian.
The arrow freezes the Orb Guardian.
The Orb Guardian is almost dead.
You shoot an arrow. The arrow hits the Orb Guardian!
The arrow freezes the Orb Guardian.
You kill the Orb Guardian!
Okawaru accepts your kill.
No target in view!
No target in view!
No target in view!
An Orb Guardian comes into view.
There is a stone staircase leading up here.
You fly upwards.
There is a stone staircase leading down here.
There is a stone staircase leading up here.
You fly upwards.
Level annotation: 2 transporters, Afrar's ghost, journeyman FoFi
There is a stone staircase leading down here.
You see here a +0 shortbow.
There is a stone staircase leading up here.
You fly upwards.
Level annotation: 3 runed translucent doors, Armakuni's ghost, journeyman HuWn
There is a stone staircase leading down here.
A blizzard demon comes into view.
You shoot an arrow. The arrow hits the blizzard demon!!
The blizzard demon is heavily wounded.
You shoot an arrow. The arrow hits the blizzard demon!!
The arrow freezes the blizzard demon.
The blizzard demon is severely wounded.
You shoot an arrow. The arrow hits the blizzard demon!!
The arrow freezes the blizzard demon.
You kill the blizzard demon!
Okawaru accepts your kill.
No reachable target in view!
No reachable target in view!
No reachable target in view!
No reachable target in view!
No reachable target in view!
There is a stone staircase leading up, spattered with blood here.
You fly upwards.
There is a stone staircase leading down here.
There is a stone staircase leading up here.
You fly upwards.
There is a stone staircase leading down here.
There is an open door here.
There is a stone staircase leading up, spattered with blood here.
You fly upwards.
Level annotation: 2 transporters
There is a stone staircase leading down, spattered with blood here.
Things that are here:
a +0 ring mail; a +0 trident
There is a stone staircase leading up here.
You fly upwards.
There is a stone staircase leading down here.
There is a stone staircase leading up here.
You fly upwards.
There is a stone staircase leading down here.
There is a stone staircase leading up here.
You fly upwards.
There is a stone staircase leading down here.
There is a stone staircase leading up here.
You fly upwards.
The iguana hisses angrily.
There is a stone staircase leading down here.
An iguana is nearby!
Unknown command.
You shoot an arrow. The arrow barely misses the iguana.
You shoot an arrow. The arrow hits the iguana!!!
The iguana seems to slow down.
The arrow freezes the iguana.
You kill the iguana!
Okawaru accepts your kill.
No target in view!
There is a stone staircase leading up here.
You fly upwards.
There is a stone staircase leading down here.
You see here a +0 chain mail.
There is a stone staircase leading up here.
You fly upwards.
There is a stone staircase leading down here.
There is a stone staircase leading up here.
You fly upwards.
There is a stone staircase leading down here.
You see here a +0 ring mail.
There is an abandoned shop here.
There is a staircase leading out of the dungeon here.
Unknown command.
Enter note: gg You have escaped!

#≈≈≈§§............# #.
#≈≈~~~..∩.........# #.
#≈≈~~.............# #.
#≈≈§§§∩.........⌠.# #.
#≈§§~.............## #%
#§~~..♣............# #.
#§~§....♣..........###.
#§§§...............'.#.
#§§~§.@............'...
#≈§§...............##.#
#§§~....♣..........##)#
#§~~..............###.#
#≈§§§...........⌠.# #[#
#≈~§§..∩..........# #.#
#≈≈§~§............# #.#
#≈≈~~~............# #.#
#≈≈§§§§.∩........## #.#


There were no monsters in sight!

Vanquished Creatures
  the Royal Jelly (Arena)
  A dread lich (Zot:5)
  4 orbs of fire
  6 ancient liches (Zot:5)
  Mara (Vaults:2)
  Mennas (Vaults:2)
  Parghit (Depths:3)
  Bai Suzhen (Snake:3)
  2 curse toes
  The ghost of Guraer the Brawler, a veteran OgSh of Okawaru (Elf:1)
  3 Killer Klowns (Zot:5)
  Saint Roka (Vaults:2)
  Vashnia (Snake:4)
  5 golden dragons
  3 caustic shrikes (Depths:1)
  Norris (Vaults:4)
  Nikola (Snake:3)
  3 bone dragons
  Jory (Depths:4)
  A profane servitor (Zot:1)
  A Brimstone Fiend (Zot:1)
  3 doom hounds (Depths:2)
  3 electric golems
  A hellephant (Zot:3)
  Jorgrun (D:14)
  12 tentacled monstrosities
  3 quicksilver dragons
  28 Orb Guardians
  Grunn (Depths:2)
  Asterion (Elf:3)
  16 acid blobs
  A titan (Depths:3)
  A lich (Depths:3)
  2 deep elf blademasters (Elf:3)
  3 sphinxes
  3 deep elf master archers (Elf:3)
  Agnes (D:14)
  4 tengu reavers
  12 death cobs
  Donald (Snake:3)
  9 rockslimes
  4 shadow dragons
  6 draconian monks
  Aizul (Snake:4)
  2 thorn hunters (Swamp:4)
  15 storm dragons
  6 azure jellies
  9 nagarajas (Snake:4)
  8 frost giants
  8 draconian knights
  13 fire giants
  2 imperial myrmidons (Desolation)
  6 deep elf sorcerers (Elf:3)
  12 draconian scorchers
  4 ghost moths
  4 deep elf elementalists (Elf:3)
  8 vault wardens
  6 draconian shifters
  5 draconian stormcallers
  2 orc warlords
  9 very ugly things
  18 ironbound preservers
  A spriggan defender (Depths:2)
  9 quicksilver oozes
  6 draconian annihilators
  3 formless jellyfish
  8 stone giants
  2 reapers
  5 ironbound thunderhulks
  A war gargoyle (Vaults:1)
  6 deep elf demonologists
  6 red draconians
  4 vampire knights
  10 green draconians
  2 putrid mouths (Depths:2)
  2 halazid warlocks
  9 purple draconians
  14 white draconians
  6 dire elephants
  14 yellow draconians
  2 eleionomae
  3 deep elf annihilators (Elf:3)
  3 spark wasps (Depths:4)
  2 eidola (Vaults:3)
  16 black draconians
  6 bunyips
  6 deep elf death magi
  8 fire dragons
  Josephine (D:11)
  2 blizzard demons
  A crystal guardian (Desolation)
  3 jiangshi (Depths:1)
  6 ragged hierophants (Desolation)
  4 shambling mangroves (Swamp:4)
  10 deep elf high priests
  An entropy weaver (Vaults:4)
  9 vault guards
  6 yaktaur captains
  9 hydras
  5 ettins
  7 servants of whispers (Desolation)
  7 great orbs of eyes
  5 peacekeepers (Desolation)
  3 salamander tyrants
  Erolcha (Orc:2)
  3 rakshasas
  14 ice dragons
  A hell beast (D:15)
  6 alligators
  8 ironbound frosthearts
  6 boulder beetles
  11 centaur warriors
  A jorogumo (shapeshifter) (Elf:3)
  16 anacondas
  3 ghost crabs
  2 two-headed ogres
  Erica (D:8)
  A spriggan air mage (Depths:4)
  14 naga warriors
  9 death yaks
  24 dancing weapons
  4 tengu warriors
  4 deep troll earth magi
  A vampire mage (Depths:1)
  Urug (D:12)
  12 naga sharpshooters
  6 spriggan berserkers
  8 deep troll shamans
  5 shock serpents
  3 thrashing horrors (Lair:5)
  15 hell knights
  2 sixfirhies (Depths:2)
  5 skysharks
  11 deep elf knights
  A death drake (Swamp:3)
  5 salamander mystics
  5 spriggan druids
  12 skeletal warriors
  6 goliath frogs
  4 glowing orange brains (Depths:2)
  40 deep trolls
  7 iron trolls
  A spriggan rider (Depths:2)
  9 naga ritualists
  A shadow demon (Depths:2)
  An obsidian statue (Vaults:1)
  5 lindwurms
  3 wizards
  3 phantasmal warriors
  4 bog bodies
  Pikel (D:7)
  9 deep elf archers
  3 spectral hydras (Swamp:4)
  6 orc knights
  11 harpies
  13 swamp dragons
  19 ironbound convokers
  10 mana vipers
  4 necromancers
  A wolf spider (Lair:2)
  35 ugly things
  18 deep elf pyromancers
  2 will-o-the-wisps
  3 shining eyes (Slime:5)
  12 deep elf zephyrmancers
  3 oklob plants (Swamp:4)
  13 orc sorcerers
  18 salamanders
  5 manticores
  3 cyclopes
  A salamander (shapeshifter) (Depths:2)
  20 moths of wrath
  88 slime creatures
  Maurice (D:11)
  11 guardian serpents
  An eye of devastation (Slime:5)
  A black mamba (shapeshifter) (D:14)
  31 black mambas
  An ice statue (IceCv)
  A molten gargoyle (Depths:4)
  3 smoke demons
  15 vault sentinels
  A rust devil (Depths:2)
  8 cane toads
  An unseen horror (D:11)
  Maggie (D:8)
  2 gargoyles
  19 naga magi
  7 komodo dragons
  3 ice devils
  3 freezing wraiths
  5 rime drakes
  An efreet (D:14)
  A tengu conjurer (Depths:2)
  A tormentor (Depths:2)
  15 yaktaurs
  9 trolls
  A death drake zombie (Swamp:4)
  3 hydra zombies (Swamp:4)
  3 bloated husks
  A merfolk (shapeshifter) (D:14)
  3 meliai (D:14)
  20 hornets
  7 tyrant leeches
  A hydra skeleton (Swamp:4)
  7 polar bears
  A queen bee (shapeshifter) (D:13)
  13 blink frogs
  A raiju (Lair:5)
  52 saltlings (Desolation)
  A snapping turtle (shapeshifter) (Vaults:2)
  A jumping spider (Vaults:4)
  24 spriggans
  3 ynoxinuls (Lair:5)
  2 centaur simulacra (D:11)
  59 yaks
  5 air elementals
  2 shadows
  3 wyverns
  11 wraiths
  19 water elementals
  7 basilisks
  A yak (shapeshifter) (Elf:1)
  4 golden eyes (Slime:1)
  A neqoxec (Depths:1)
  2 chaos spawn (Lair:5)
  4 steam dragons
  5 fire elementals
  9 small abominations (Lair:5)
  Menkaure (D:7)
  9 wargs
  A swamp worm (shapeshifter) (D:13)
  11 swamp worms
  3 hydra simulacra (Swamp:4)
  38 nagas
  12 water moccasins
  An acid dragon (D:14)
  A large abomination (Lair:5)
  Duvessa (D:7)
  2 floating eyes
  18 orc warriors
  A sky beast (D:6)
  3 ice beasts
  8 swamp drakes
  5 swamp dragon zombies (Swamp:4)
  A great orb of eyes simulacrum (IceCv)
  2 black bears
  19 ogres
  42 wolves
  14 centaurs
  3 lemures (D:7)
  A kobold brigand (D:10)
  7 slime creature simulacra (IceCv)
  8 bullfrogs
  4 earth elementals (Elf:1)
  A gnoll sergeant (D:8)
  3 scorpions
  3 glowing shapeshifter simulacra (IceCv)
  3 water moccasin zombies (Ossuary)
  5 wights (D:9)
  Dowan (D:7)
  3 killer bees (D:8)
  3 electric eels (D:9)
  14 howler monkeys
  A crimson imp (D:6)
  15 orc priests
  A gnoll bouda (D:7)
  2 hounds
  A jelly (D:5)
  9 iguanas
  A sleepcap (D:6)
  34 orc wizards
  13 hell rats
  3 shapeshifter simulacra (IceCv)
  2 mummies (Ossuary)
  11 gnolls
  8 adders
  A river rat (D:8)
  A shadow imp (D:7)
  A white imp (D:6)
  2 ufetubi
  3 adder zombies (Ossuary)
  2 worms
  A dart slug (D:2)
  72 orcs
  6 endoplasms
  2 giant cockroaches
  13 goblins
  9 hobgoblins
  2 jackals (D:1)
  3 quokkas
  5 ball pythons
  4 bats
  3 frilled lizards
  4 gnoll zombies (Ossuary)
  5 hobgoblin zombies (Ossuary)
  14 kobolds
  5 kobold zombies (Ossuary)
  5 orc zombies (Ossuary)
  6 rats
2070 creatures vanquished.

Vanquished Creatures (others)
  A swamp drake (Swamp:4)
  An orc wizard (D:9)
  8 foxfires (Swamp:1)
10 creatures vanquished.

Grand Total: 2080 creatures vanquished

Notes
Turn   | Place    | Note
-------+----------+-------------------------------------------
     0 | D:1      | Flugkiller the Tengu Hunter began the quest for the Orb.
     0 | D:1      | Reached XP level 1. HP: 12/12 MP: 2/2
   174 | D:1      | Reached skill level 5 in Ranged Weapons
   174 | D:1      | Reached XP level 2. HP: 13/17 MP: 3/3
   362 | D:1      | Reached XP level 3. HP: 21/21 MP: 4/4
   965 | D:2      | Reached XP level 4. HP: 26/26 MP: 5/5
  1024 | D:2      | Found an ornate altar of the Wu Jian Council.
  1130 | D:2      | Found Tucaogou's Book Emporium.
  1225 | D:2      | Found a faded altar of an unknown god.
  1634 | D:3      | Reached XP level 5. HP: 25/30 MP: 6/6
  2426 | D:3      | Reached XP level 6. HP: 35/35 MP: 7/7
  2851 | D:4      | Identified the +0 hand axe "Demonslayer" {flame, rElec
                  | Will+ Str+3 Stlth-}
  2943 | D:4      | Found an ancient bone altar of Kikubaaqudgha.
  3747 | D:5      | Entered Level 5 of the Dungeon
  3786 | D:5      | Found a sand-covered staircase.
  3791 | Ossuary  | Entered an ossuary
  3826 | Ossuary  | Gained mutation: Your magical flight helps you evade
                  | attacks. (EV +4) [Tengu growth]
  3826 | Ossuary  | Reached XP level 7. HP: 36/40 MP: 8/8
  4610 | D:5      | Found a staircase to the Ecumenical Temple.
  4622 | Temple   | Entered the Ecumenical Temple
  4673 | D:5      | Found Ystram's Magic Scroll Boutique.
  4727 | D:5      | Found a broken altar of Ashenzari.
  5160 | D:6      | Found a glowing golden altar of the Shining One.
  5199 | D:6      | Reached XP level 8. HP: 48/48 MP: 9/9
  5311 | D:6      | Reached skill level 5 in Dodging
  5370 | D:6      | Reached skill level 5 in Fighting
  5379 | D:6      | Found a large runed translucent door.
  5386 | D:6      | Found a large runed translucent door.
  5412 | D:6      | Found an iron altar of Okawaru.
  5424 | D:6      | Became a worshipper of Warmaster Okawaru
  5430 | D:6      | Found a sparkling altar of Nemelex Xobeh.
  6316 | D:7      | Noticed Pikel
  6447 | D:7      | Reached skill level 1 in Invocations
  6625 | D:7      | Noticed Menkaure
  6773 | D:7      | Noticed Duvessa
  6777 | D:7      | Noticed Dowan
  6789 | D:7      | Killed Duvessa
  6790 | D:7      | Reached XP level 9. HP: 42/54 MP: 11/11
  6804 | D:7      | Killed Dowan
  6804 | D:7      | Reached * piety under Okawaru
  6985 | D:7      | Killed Menkaure
  6986 | D:7      | Reached skill level 10 in Ranged Weapons
  7366 | D:7      | Killed Pikel
  7366 | D:7      | Reached ** piety under Okawaru
  8164 | D:8      | Noticed Maggie
  8165 | D:8      | Paralysed by Maggie for 5 turns
  8178 | D:8      | Killed Maggie
  8178 | D:8      | Reached *** piety under Okawaru
  8179 | D:8      | Reached XP level 10. HP: 39/63 MP: 12/14
  8283 | D:8      | Found a transporter.
  8302 | D:8      | Noticed a kobold demonologist
  8305 | D:8      | Found a transporter.
  8531 | D:8      | Noticed a death yak
  8628 | D:8      | Noticed Erica
  8644 | D:8      | Killed Erica
  8805 | D:8      | Noticed a death yak
  8998 | D:8      | Found a staircase to the Lair.
  9000 | D:8      | Noticed a death yak
  9110 | D:9      | Reached skill level 5 in Invocations
  9355 | D:9      | Found a glowing silver altar of Zin.
  9363 | D:9      | Found a blossoming altar of Fedhas.
  9446 | D:9      | Reached **** piety under Okawaru
  9775 | D:9      | Found a snail-covered altar of Cheibriados.
  9920 | D:9      | Found a staircase to the Orcish Mines.
 10355 | D:10     | Entered Level 10 of the Dungeon
 10631 | D:10     | Reached XP level 11. HP: 29/69 MP: 16/16
 10645 | D:10     | Found a flagged portal.
 10658 | D:10     | Identified the +6 halberd "Achosit" {flame, Str+4}
 10668 | Bailey   | Entered a bailey
 10900 | Bailey   | Reached ***** piety under Okawaru
 10960 | Bailey   | Noticed a two-headed ogre
 11230 | Bailey   | Killed a two-headed ogre
 11422 | D:10     | Received a gift from Okawaru
 11601 | D:10     | Found a burning altar of Makhleb.
 11738 | D:11     | Found a runed translucent gate.
 11738 | D:11     | Found a runed translucent gate.
 11738 | D:11     | Noticed Armakuni's ghost (journeyman HuWn)
 11802 | D:11     | Found a runed translucent gate.
 12069 | D:11     | Reached skill level 10 in Dodging
 12117 | D:11     | Received a gift from Okawaru
 12194 | D:11     | Got the +0 battleaxe of Arcadian Conscience {freeze, rElec
                  | rC+++ Will+ Int-4}
 12368 | D:11     | Noticed Josephine
 12416 | D:11     | Killed Josephine
 12427 | D:11     | Reached XP level 12. HP: 58/77 MP: 18/18
 12468 | D:11     | Noticed Maurice
 12486 | D:11     | Something stole 393 gold
 12487 | D:11     | Killed Maurice
 13004 | Lair:1   | Entered Level 1 of the Lair of Beasts
 13024 | Lair:1   | Received a gift from Okawaru
 13096 | Lair:1   | Reached skill level 10 in Fighting
 13813 | Lair:1   | Received a gift from Okawaru
 14257 | Lair:2   | Noticed a skyshark
 14272 | Lair:1   | Killed a skyshark
 14293 | Lair:2   | Noticed a skyshark
 14317 | Lair:2   | Killed a skyshark
 14317 | Lair:2   | Received a gift from Okawaru
 14502 | Lair:2   | Reached XP level 13. HP: 84/84 MP: 20/20
 14516 | Lair:2   | Reached ****** piety under Okawaru
 14536 | Lair:2   | Acquired a +6 longbow of freezing
 14536 | Lair:2   | Received a gift from Okawaru
 14673 | Lair:2   | Received a gift from Okawaru
 14698 | Lair:2   | Acquired the quicksilver dragon scales of Relativism {Fly
                  | rPois Will+ Dex+5}
 14698 | Lair:2   | Received a gift from Okawaru
 15385 | Lair:3   | Received a gift from Okawaru
 15526 | Lair:3   | Found a staircase to the Swamp.
 15526 | Lair:3   | Noticed an eleionoma
 15529 | Lair:3   | Killed an eleionoma
 15792 | Lair:3   | Found a staircase to the Snake Pit.
 16308 | Lair:3   | Reached XP level 14. HP: 91/91 MP: 22/22
 16463 | Lair:4   | Received a gift from Okawaru
 16551 | Lair:4   | Found a frozen archway.
 16648 | IceCv    | Entered an ice cave
 16725 | IceCv    | Got a decrepit book
 16778 | IceCv    | Reached skill level 10 in Invocations
 17039 | IceCv    | Reached skill level 15 in Ranged Weapons
 17103 | IceCv    | Reached XP level 15. HP: 96/96 MP: 23/23
 17108 | IceCv    | Found a viscous altar of Jiyva.
 17108 | IceCv    | Noticed an azure jelly
 17116 | IceCv    | Killed an azure jelly
 17119 | IceCv    | Received a gift from Okawaru
 17193 | IceCv    | Got a curious book
 17936 | Lair:5   | Entered Level 5 of the Lair of Beasts
 18336 | Lair:5   | Received a gift from Okawaru
 18562 | Lair:5   | Found a corrupted altar of Lugonu.
 18562 | Lair:5   | Found a one-way gate to the infinite horrors of the Abyss.
 19014 | Lair:5   | Found a viscous altar of Jiyva.
 19014 | Lair:5   | Found a staircase to the Slime Pits.
 19344 | D:12     | Found a transporter.
 19346 | D:12     | Found a transporter.
 19358 | D:12     | Noticed Afrar's ghost (journeyman FoFi)
 19371 | D:12     | Found a bloodstained altar of Trog.
 19683 | D:12     | Noticed Urug
 19699 | D:12     | Killed Urug
 19707 | D:12     | Received a gift from Okawaru
 20129 | D:13     | Reached skill level 15 in Dodging
 20204 | D:13     | Reached skill level 1 in Evocations
 20204 | D:13     | Reached XP level 16. HP: 105/105 MP: 24/24
 20233 | D:13     | Found a gate to the Vaults.
 20401 | D:14     | Found Kelorphot's Magic Scroll Emporium.
 20427 | D:14     | Bought a scroll of blinking for 112 gold pieces
 20427 | D:14     | Bought a scroll of fear for 60 gold pieces
 20427 | D:14     | Bought a scroll of teleportation for 45 gold pieces
 20427 | D:14     | Bought a scroll of teleportation for 45 gold pieces
 20427 | D:14     | Bought a scroll of teleportation for 45 gold pieces
 20707 | D:14     | Received a gift from Okawaru
 20725 | D:14     | Found the +5 scythe "Finisher" {speed, execute}
 20740 | D:14     | Noticed Agnes
 20753 | D:14     | Killed Agnes
 21232 | D:14     | Noticed Jorgrun
 21242 | D:14     | Killed Jorgrun
 21423 | D:15     | Entered Level 15 of the Dungeon
 21657 | D:15     | Found Gauky's Weapon Emporium.
 21866 | D:15     | Received a gift from Okawaru
 21967 | D:15     | Identified the +4 hand axe of Turmoil {heavy, Fragile rElec
                  | Int-2 Dex+5}
 22069 | D:15     | Found a staircase to the Depths.
 22358 | Orc:1    | Entered Level 1 of the Orcish Mines
 22358 | Orc:1    | Found Gaigren's Antique Armour Boutique.
 22832 | Orc:2    | Entered Level 2 of the Orcish Mines
 23278 | Orc:2    | Found Jirherghu's Book Emporium.
 23303 | Orc:2    | Found an ancient bone altar of Kikubaaqudgha.
 23305 | Orc:2    | Reached skill level 5 in Evocations
 23326 | Orc:2    | Found Ubusas's Distillery.
 23341 | Orc:2    | Bought a potion of resistance for 100 gold pieces
 23341 | Orc:2    | Bought a potion of mutation for 80 gold pieces
 23343 | Orc:2    | Received a gift from Okawaru
 23344 | Orc:2    | Noticed Erolcha
 23351 | Orc:2    | Killed Erolcha
 23353 | Orc:2    | Found a radiant altar of Vehumet.
 23419 | Orc:2    | Found a staircase to the Elven Halls.
 23651 | Orc:2    | Reached XP level 17. HP: 112/112 MP: 26/26
 23655 | Orc:2    | Found Inoguc's Jewellery Emporium.
 23667 | Orc:2    | Found Vaimuff's Antique Armour Shoppe.
 23872 | D:5      | Bought a scroll of enchant weapon for 97 gold pieces
 23872 | D:5      | Bought a scroll of enchant weapon for 97 gold pieces
 24019 | Snake:1  | Entered Level 1 of the Snake Pit
 24426 | Snake:1  | Reached skill level 15 in Fighting
 25465 | Snake:2  | Received a gift from Okawaru
 25661 | Snake:3  | Found Ykkeost's Assorted Antiques.
 25709 | Snake:3  | Bought a scroll of blinking for 172 gold pieces
 25709 | Snake:3  | Bought a potion of haste for 230 gold pieces
 25735 | Snake:3  | Noticed Donald
 25739 | Snake:3  | Killed Donald
 25774 | Snake:3  | Received a gift from Okawaru
 25920 | Snake:3  | Noticed Bai Suzhen
 25936 | Snake:3  | Killed Bai Suzhen
 26243 | Snake:3  | Noticed Nikola
 26262 | Snake:3  | Killed Nikola
 26431 | Snake:4  | Entered Level 4 of the Snake Pit
 26479 | Snake:4  | Reached XP level 18. HP: 120/120 MP: 28/28
 26494 | Snake:4  | Received a gift from Okawaru
 26818 | Snake:4  | Noticed Vashnia
 26849 | Snake:4  | Killed Vashnia
 26975 | Snake:4  | Got a serpentine rune of Zot
 27027 | Snake:4  | Noticed Aizul
 27041 | Snake:4  | Killed Aizul
 27328 | Snake:4  | Received a gift from Okawaru
 27620 | Swamp:1  | Entered Level 1 of the Swamp
 28050 | Swamp:1  | Identified the +1 leather armour of Peek-a-Boo {+Blink}
 28569 | Swamp:3  | Received a gift from Okawaru
 28577 | Swamp:3  | Reached XP level 19. HP: 128/128 MP: 29/29
 28990 | Swamp:4  | Entered Level 4 of the Swamp
 29355 | Swamp:4  | Received a gift from Okawaru
 29810 | Swamp:4  | Found a blossoming altar of Fedhas.
 30017 | Swamp:4  | Found a basalt altar of Yredelemnul.
 30031 | Swamp:4  | Got a decaying rune of Zot
 30059 | Swamp:4  | Received a gift from Okawaru
 30417 | Elf:1    | Entered Level 1 of the Elven Halls
 30512 | Orc:2    | Bought an embroidered scarf for 240 gold pieces
 30781 | Elf:1    | Received a gift from Okawaru
 30886 | Elf:1    | Found a radiant altar of Vehumet.
 30892 | Elf:1    | Found Esadeud's Armour Emporium.
 31118 | Elf:1    | Found a runed translucent door.
 31119 | Elf:1    | Noticed Guraer's ghost (veteran OgSh)
 31265 | Elf:1    | Killed Guraer's ghost
 31340 | Elf:2    | Reached XP level 20. HP: 137/137 MP: 30/30
 31371 | Elf:2    | Received a gift from Okawaru
 31390 | Elf:2    | Paralysed by an air elemental for 1 turns
 31405 | Elf:2    | Found a crumbling gateway.
 31454 | Desolati | Entered the Desolation of Salt
 31717 | Desolati | Identified the +0 arbalest of Truncation {freeze, rF++ rN+
                  | Str+6}
 31868 | Desolati | Identified the +2 helmet of the Hall of Blades {rC+ rN++
                  | Will- Dex+2}
 31914 | Arena    | Entered the Arena
 31984 | Desolati | Received a gift from Okawaru
 32066 | Desolati | Identified the +5 scale mail of Noughts and Crosses {Harm
                  | rN++ Dex-2 SInv}
 32274 | Elf:2    | Found a runed translucent door.
 32274 | Elf:2    | Noticed ipx's ghost (adept VSFi)
 32466 | Elf:2    | Found a runed translucent gate.
 32467 | Elf:2    | Found a runed translucent gate.
 32467 | Elf:2    | Found a runed translucent gate.
 32694 | Elf:3    | Entered Level 3 of the Elven Halls
 33065 | Elf:3    | Received a gift from Okawaru
 33647 | Elf:3    | Noticed Asterion
 33659 | Elf:3    | Killed Asterion
 33866 | Elf:3    | Identified the +0 ring mail of Discretion {Slay+3}
 33910 | Elf:3    | Identified the +5 lajatang of the Fool {heavy, rElec rF++
                  | rCorr Dex-4}
 33933 | Elf:3    | Identified the +10 battleaxe "Wetsed" {flame, *Rage Will++}
 34001 | Elf:3    | Reached XP level 21. HP: 147/147 MP: 31/31
 34038 | Elf:3    | Received a gift from Okawaru
 34555 | Vaults:1 | Entered Level 1 of the Vaults
 34745 | Vaults:1 | Received a gift from Okawaru
 34835 | Vaults:1 | Found a portal to a secret trove of treasure.
 35326 | Vaults:1 | Found a transporter.
 35341 | Vaults:1 | Found a transporter.
 35936 | Vaults:1 | Received a gift from Okawaru
 36052 | Arena    | Entered the Arena
 36126 | Vaults:1 | Identified the ring of Sifuuh {+Blink rF- rC+ Will+ AC+4
                  | Dex+6}
 36136 | Vaults:1 | Identified the +0 pair of boots of Kyxzon {Str+6}
 36204 | Vaults:2 | Noticed Saint Roka
 36306 | Vaults:2 | Killed Saint Roka
 36395 | Vaults:2 | Found a runed translucent gate.
 36395 | Vaults:2 | Found a runed translucent gate.
 36395 | Vaults:2 | Found a runed translucent gate.
 36396 | Vaults:2 | Noticed Plog's ghost (adept AtMo)
 36396 | Vaults:2 | Noticed Nitziur's ghost (adept DrCj)
 36850 | Vaults:2 | Reached XP level 22. HP: 156/156 MP: 32/32
 36882 | Vaults:2 | Identified the +1 robe "Jueschit" {Str+5 Stlth+}
 37068 | Vaults:2 | Found a staircase to the Crypt.
 37068 | Vaults:2 | Found a basalt altar of Yredelemnul.
 37068 | Vaults:2 | Found an ancient bone altar of Kikubaaqudgha.
 37086 | Vaults:2 | Noticed Mara
 37086 | Vaults:2 | Noticed Mara
 37086 | Vaults:2 | Noticed Mara
 37104 | Vaults:2 | Killed Mara
 37104 | Vaults:2 | Received a gift from Okawaru
 37241 | Vaults:2 | Noticed Mennas
 37295 | Vaults:2 | Killed Mennas
 37296 | Vaults:2 | Reached skill level 10 in Armour
 37609 | Vaults:3 | Received a gift from Okawaru
 37874 | Arena    | Entered the Arena
 38483 | Vaults:4 | Found Vagassoc's Weapon Shoppe.
 38799 | Vaults:4 | Noticed Norris
 38815 | Vaults:4 | Killed Norris
 39154 | Vaults:4 | Found Kerromol's Weapon Boutique.
 39496 | Orc:2    | Bought a ring of resist corrosion for 240 gold pieces
 39740 | Slime:1  | Entered Level 1 of the Pits of Slime
 39909 | Slime:5  | Entered Level 5 of the Pits of Slime
 39971 | Slime:5  | Gained mutation: You are frail. (-10% HP) [a shining eye]
 39992 | Slime:5  | Received a gift from Okawaru
 40018 | Slime:5  | Noticed the Royal Jelly
 40037 | Arena    | Entered the Arena
 40049 | Arena    | Killed the Royal Jelly
 40050 | Arena    | Reached XP level 23. HP: 93/146 MP: 14/33
 40489 | Slime:5  | Identified the ring "Ellucy" {Wiz Dex+5}
 40649 | Slime:5  | Identified a scroll of acquirement
 40673 | Slime:5  | Got a slimy rune of Zot
 40674 | Slime:5  | Identified the +4 hand axe of Paper {venom, Int+4}
 40686 | Slime:5  | Acquired a manual of Shapeshifting
 40721 | Slime:5  | Identified the ring "Cosm" {rElec Str+3 Dex+6}
 40726 | Slime:5  | Identified the +2 helmet of the Elven Halls {Str+8}
 40729 | Slime:5  | Identified the +5 flail "ETAOIN SHRDLU" {flame, rC+ rCorr
                  | MP+9}
 40745 | Slime:5  | Identified the +10 scimitar of Crystal {pain, Str+5 Dex-2}
 41275 | Slime:4  | Reached skill level 10 in Evocations
 41766 | Depths:1 | Entered Level 1 of the Depths
 42024 | Depths:1 | Found a one-way gate leading to the halls of Pandemonium.
 42058 | Depths:1 | Noticed a caustic shrike
 42060 | Depths:1 | Noticed a caustic shrike
 42067 | Depths:1 | Noticed a caustic shrike
 42070 | Depths:1 | Killed a caustic shrike
 42082 | Depths:1 | Killed a caustic shrike
 42086 | Depths:1 | Killed a caustic shrike
 42389 | Depths:1 | Received a gift from Okawaru
 42641 | Depths:1 | Found a runed translucent gate.
 42641 | Depths:1 | Found a runed translucent gate.
 42642 | Depths:1 | Found a runed translucent gate.
 42645 | Depths:1 | Noticed Ceed's ghost (adept MfGl)
 42674 | Depths:1 | Found a gateway to Hell.
 43067 | Depths:2 | Found Big Baal Hell's Store.
 43147 | Depths:2 | Paralysed by a floating eye for 4 turns
 43259 | Depths:2 | Noticed Grunn
 43275 | Depths:2 | Received a gift from Okawaru
 43288 | Depths:2 | Killed Grunn
 43310 | Arena    | Entered the Arena
 43712 | Depths:2 | Found a one-way gateway to a ziggurat.
 43760 | Depths:2 | Reached XP level 24. HP: 139/154 MP: 33/33
 44013 | Depths:2 | Found Wocaniug's Book Boutique.
 44015 | Depths:2 | Found Anufua's Jewellery Shoppe.
 44016 | Depths:2 | Found Jogufal's Book Boutique.
 44020 | Depths:2 | Identified the +10 plate armour of Dim Light {Drain rPois
                  | Int+5}
 44215 | Depths:3 | Found a corrupted altar of Lugonu.
 44311 | Depths:3 | Noticed Parghit
 44332 | Depths:3 | Killed Parghit
 44475 | Arena    | Entered the Arena
 44814 | Depths:3 | Received a gift from Okawaru
 44949 | Depths:3 | Identified the amulet of Due Proportion {Faith *Corrode rF+
                  | MP+9 Str+5}
 44977 | Depths:3 | Found the +7 hand cannon "Mule" {flame, backblast, rF+}
 45396 | Vaults:1 | You paid a toll of +9 gold dragon scales to enter a
                  | treasure trove
 45397 | Trove    | Entered a treasure trove
 45491 | Vaults:1 | Reached XP level 25. HP: 162/162 MP: 33/33
 45495 | Vaults:1 | Lost mutation: You are frail. (-10% HP) [potion of
                  | mutation]
 45495 | Vaults:1 | Gained mutation: You are robust. (+10% HP) [potion of
                  | mutation]
 45495 | Vaults:1 | Gained mutation: You are dopey. (Int -2) [potion of
                  | mutation]
 45722 | Depths:4 | Entered Level 4 of the Depths
 46025 | Depths:4 | Noticed Jory
 46155 | Depths:4 | Killed Jory
 46209 | Depths:4 | Reached skill level 27 in Dodging
 46317 | Depths:4 | Found a gate to the Realm of Zot.
 46373 | Depths:4 | Found a burning altar of Makhleb.
 46852 | Zot:1    | Entered Level 1 of the Realm of Zot
 47407 | Zot:1    | Received a gift from Okawaru
 47408 | Zot:1    | Reached XP level 26. HP: 161/207 MP: 33/33
 47684 | Zot:1    | Noticed an orb of fire
 47695 | Zot:1    | Killed an orb of fire
 48733 | Zot:2    | Received a gift from Okawaru
 49134 | Zot:2    | Reached skill level 27 in Fighting
 50244 | Zot:4    | Received a gift from Okawaru
 50347 | Zot:4    | Identified the +1 pair of gloves of Broken Taboos {rC+
                  | Str+5}
 50444 | Zot:4    | Found the +7 great mace "Firestarter" {flame, immolate,
                  | rFlCloud rF++}
 50651 | Zot:4    | Reached XP level 27. HP: 218/218 MP: 33/33
 50808 | Zot:5    | Entered Level 5 of the Realm of Zot
 51180 | Zot:5    | Received a gift from Okawaru
 51378 | Zot:5    | Noticed an ancient lich
 51384 | Zot:5    | Killed an ancient lich
 51431 | Zot:5    | Noticed an orb of fire
 51439 | Zot:5    | Killed an orb of fire
 51439 | Zot:5    | Received a gift from Okawaru
 51466 | Zot:5    | Noticed an ancient lich
 51466 | Zot:5    | Noticed an ancient lich
 51466 | Zot:5    | Noticed a dread lich
 51478 | Zot:5    | Killed a dread lich
 51486 | Zot:5    | Killed an ancient lich
 51487 | Zot:5    | Noticed an orb of fire
 51496 | Zot:5    | Killed an ancient lich
 51497 | Zot:5    | Reached skill level 15 in Evocations
 51514 | Zot:5    | Gained mutation: You are very dopey. (Int -4) [an orb of
                  | fire]
 51516 | Zot:5    | Killed an orb of fire
 51754 | Zot:5    | Received a gift from Okawaru
 52041 | Zot:5    | Noticed an ancient lich
 52050 | Zot:5    | Noticed an orb of fire
 52059 | Arena    | Entered the Arena
 52061 | Arena    | Gained mutation: You sometimes lose your temper in combat.
                  | [an orb of fire]
 52066 | Arena    | Killed an orb of fire
 52073 | Arena    | Lost mutation: You sometimes lose your temper in combat.
                  | [potion of mutation]
 52073 | Arena    | Lost mutation: You are very dopey. (Int -4) [potion of
                  | mutation]
 52073 | Arena    | Gained mutation: You are very dopey. (Int -4) [potion of
                  | mutation]
 52073 | Arena    | Gained mutation: Your body sometimes deteriorates upon
                  | taking damage. [potion of mutation]
 52073 | Arena    | Gained mutation: Potions are less effective at restoring
                  | your health. [potion of mutation]
 52073 | Arena    | Gained mutation: You have sharp fingernails. [potion of
                  | mutation]
 52074 | Arena    | Lost mutation: You are very dopey. (Int -4) [potion of
                  | mutation]
 52074 | Arena    | Lost mutation: You are dopey. (Int -2) [potion of mutation]
 52074 | Arena    | Lost mutation: You have sharp fingernails. [potion of
                  | mutation]
 52074 | Arena    | Gained mutation: You occasionally lose the ability to drink
                  | potions when taking damage. [potion of mutation]
 52074 | Arena    | Lost mutation: You are robust. (+10% HP) [potion of
                  | mutation]
 52074 | Arena    | Gained mutation: You possess an exceptional clarity of
                  | mind. [potion of mutation]
 52074 | Arena    | Gained mutation: You are robust. (+10% HP) [potion of
                  | mutation]
 52075 | Arena    | Lost mutation: You possess an exceptional clarity of mind.
                  | [potion of mutation]
 52075 | Arena    | Lost mutation: You occasionally lose the ability to drink
                  | potions when taking damage. [potion of mutation]
 52075 | Arena    | Gained mutation: A frigid envelope surrounds you and
                  | freezes all who hurt you. [potion of mutation]
 52075 | Arena    | Gained mutation: You are somewhat resistant to further
                  | mutation. [potion of mutation]
 52087 | Zot:5    | Killed an ancient lich
 52115 | Zot:5    | Noticed an ancient lich
 52126 | Zot:5    | Noticed an ancient lich
 52199 | Zot:5    | Killed an ancient lich
 52278 | Zot:5    | Killed an ancient lich
 52346 | Zot:5    | Identified the +0 scimitar "Cipavi Orph" {drain, Will+
                  | Str+2 Dex+3}
 52458 | Zot:5    | Got the Orb of Zot
 52592 | Zot:1    | Noticed Dev Wiur the pandemonium lord
 52932 | D:1      | gg
 52933 | D:$      | Escaped with the Orb!

Illustrated notes

#≈≈≈§§............# #.
#≈≈~§§..∩.........# #.
#≈≈~~.............# #.
#≈≈§§§∩.........⌠.# #.
#≈§§~.............## #%
#§~~..♣............# #.
#≈§§....♣..........###.
#§§§...............'.#.
#≈§~§.@............'...
#≈~§...............##.#
#≈~~....♣..........##)#
#≈~~§.............###.#
#≈~~§...........⌠.# #[#
#≈~~§§§∩..........# #.#
#≈≈§~§............# #.#
#≈≈~~~............# #.#
#≈≈§§§§.∩........## #.#


Turn 52932 on D:1: gg

Levels and vault maps discovered:
D:1:      tekkud_arrival_beachfront_property, layout_basic, dk_noncrumbling_4
D:2:      layout_loops_ring, serial_shops, nicolae_shop_real_fake_doors,
          shapermc_ecumenical_altar_ellora, basic_altar
D:3:      layout_loops_ring, serial_forest, infiniplex_forest_end_2,
          infiniplex_forest_join, infiniplex_forest_straight_3,
          infiniplex_forest_lined_2, infiniplex_forest_clump_diagonal,
          infiniplex_forest_lined_room_2, kennysheep_path_1
D:4:      layout_rooms, kiku_gazebo_pond_becter
D:5:      layout_basic, cheibrodos_ashenzari_chains, minmay_temple_entry_glass,
          serial_shops, shop, nicolae_ossuary_entry_false_entrances
D:6:      corexii_shantytown, layout_loops_ring, tso_metal_star,
          jmf_multi_god_temple2, minmay_fire_ice_demons
D:7:      layout_layer_cave, uniq_menkaure, uniq_pikel, uniq_duvessa
D:8:      gammafunk_wand_slinger, layout_basic, dpeg_lair_monsters,
          dreamdust_princess_bridge, uniq_maggie, uniq_erica
D:9:      layout_irregular_city, cheibriados_altar_1,
          mainiacjoe_overflow_large_starburst, erik_orc_4, minmay_crystal_water,
          kennysheep_boxes
D:10:     layout_cave_pools, lightli_temple_of_fire, enter_bailey_2
D:11:     minmay_coctagon, layout_loops_cross, gammafunk_ghost_split,
          uniq_josephine, uniq_maurice
D:12:     layout_basic, gammafunk_ghost_wrathful_warriors, drop_trap, uniq_urug
D:13:     layout_basic, david_vaults_5
D:14:     layout_stronghold, serial_shops, nicolae_shop_tiny_statue_garden,
          minmay_guarded_unrand_finisher, uniq_agnes, uniq_jorgrun
D:15:     grunt_enter_depths_snipers, layout_long_grid, serial_bayou_shore_a,
          nicolae_inconvenience_store
Temple:   oiseaux_autumnal_temple
Lair:1:   layout_roguey, chequers_serial_rivers_large_b, grunt_megastairs_2,
          infiniplex_staircase_pool_2
Lair:2:   layout_chaotic_city, nicolae_lair_run_with_the_wolves
Lair:3:   beast_lair_carwin_large_1, layout_cave_pods,
          alex1729_swamp_entry_worm_eleionoma, dummy_snake_entry
Lair:4:   layout_cave_pods, portal_ice_cave_demonic_guard, serial_bayou_shore_b,
          grunt_megastairs_3
Lair:5:   hellmonk_lair_end_abyssal_woods, layout_small_grid, slime_entry_1,
          grunt_megastairs_5
Swamp:1:  layout_falls_marsh, nicolae_swamp_round_clearing,
          nicolae_swamp_soggy_hallways
Swamp:2:  layout_basic_swamp, evilmike_swamp_ruin_rubble_2, swamp_pool1,
          infiniplex_staircase_pool
Swamp:3:  layout_falls_marsh, evilmike_swamp_ruin_house_4, swamp_pool2
Swamp:4:  byrel_swamp_growth_death_and_undeath, layout_basic_swamp, swamp_pool3
Snake:1:  layout_chambers, nicolae_integral_box
Snake:2:  layout_rooms
Snake:3:  layout_rooms, serial_shops, nicolae_shop_tiny_waterfront,
          nicolae_snake_coiling_death, uniq_nikola, uniq_donald, uniq_bai_suzhen
Snake:4:  grunt_snake_rune_serpentine_throne, layout_rooms, lemuel_fruit_tree,
          uniq_aizul
Slime:1:  layout_caves
Slime:2:  layout_caves
Slime:3:  layout_caves
Slime:4:  layout_caves
Slime:5:  slime_pit_nicolae_trefoil
Orc:1:    layout_caves, serial_shops, shop
Orc:2:    kennysheep_orc_mage_school, layout_caves
Elf:1:    eino_elf_arrival_the_gate, layout_geoelf_grid, serial_shops,
          nicolae_shop_just_a_little_nook, ebering_ghost_reflecting_pool,
          minivault_28, lemuel_statue_altar
Elf:2:    nicolae_elf_blades_crystal_corner, layout_geoelf_octagon,
          portal_desolation_entry_garden, ebering_ghost_reflecting_pool
Elf:3:    minmay_elf_hall_not_hex, layout_geoelf_castle, uniq_asterion
Vaults:1: v_misc_26, nicolae_vaults_asterisk, gammafunk_sealed_arena,
          v_alt_pattern_5, v_misc_30, v_pattern_3, nicolae_vaults_alarming,
          nicolae_vaults_tetromino_T_1, nicolae_vaults_trapezoid_layered,
          layout_vaults_quadrants, enter_trove_5
Vaults:2: gammafunk_ghost_cemetery, nicolae_vaults_trapezoid_4,
          nicolae_vaults_little_squares_4, ontoclasm_vaults_idyll,
          minmay_crypt_entry_necro_gods, nicolae_vaults_sesquioval_fish,
          dpeg_vaults_waves, nicolae_vaults_diamond_1,
          nicolae_vaults_apartment_2, nicolae_vaults_surprise_closet, v_misc_4,
          hangedman_vaults_impose, v_alt_pattern_1, v_misc_33,
          layout_vaults_omnibox, uniq_mennas, uniq_mara, uniq_saint_roka
Vaults:3: v_misc_16, nicolae_vaults_stand_back, v_pattern_4,
          nicolae_vaults_closet_pinwheel_5, nicolae_vaults_ellipses_ellipsis,
          v_misc_5, nicolae_vaults_more_shelving_2, ontoclasm_vaults_idyll,
          v_misc_23, vaults_dpeg_emergency_exit, layout_vaults_maze_snakey,
          uniq_margery
Vaults:4: grunt_vaults_focal, nicolae_vaults_little_squares_6,
          nicolae_vaults_little_squares_5, grunt_vaults_funnel,
          ontoclasm_vaults_pinch, nicolae_vaults_trapezoid_lopsided_3,
          v_pattern_2, nicolae_vaults_taking_the_gang_shopping,
          vaults_room_pool, hangedman_vaults_impose, nicolae_vaults_house_2,
          v_misc_30, layout_vaults_ring, serial_shops, shop, uniq_norris
Depths:1: layout_honeycomb, grunt_hell_entry_dis_mu, rand_demon_pan_entry_3,
          chequers_serial_rivers_small_b, gammafunk_ghost_ooze,
          nicolae_letterblocks [nicolae_letter_subblock,
          nicolae_letter_subblock, nicolae_letter_subblock,
          nicolae_letter_subblock, nicolae_letter_subblock,
          nicolae_letter_subblock, nicolae_letter_subblock,
          nicolae_letter_subblock, nicolae_letter_subblock,
          nicolae_letter_subblock, nicolae_letter_subblock,
          nicolae_letter_subblock, nicolae_letter_subblock,
          nicolae_letter_subblock, nicolae_letter_subblock,
          nicolae_letter_subblock, nicolae_letter_subblock,
          nicolae_letter_subblock, nicolae_letter_subblock,
          nicolae_letter_subblock, nicolae_letter_subblock,
          nicolae_letter_subblock, nicolae_letter_subblock,
          nicolae_letter_subblock, nicolae_letter_subblock],
          serial_bayou_shore_b
Depths:2: kennysheep_bubbly, layout_basic, enter_ziggurat_e,
          kennysheep_crisscross, nicolae_hell_entry_big_baal_hell,
          hangedman_abyss_entry_splay, rand_demon_pan_entry_5,
          minmay_shop_grove, uniq_grunn
Depths:3: grunt_house_of_mirrors, layout_cave_pools, abyss_entry_flame_altar,
          pf_vacation_house_of_asmodeus,
          hangedman_abyss_or_decor_jellyfish_corner, minmay_staircase_statues,
          uniq_parghit
Depths:4: grunt_zot_entry_funnels, layout_basic, lemuel_doored_altar,
          abyss_entry, hell_entry, grunt_pan_entry_zigzag, uniq_josephina,
          uniq_jory
Zot:1:    nicolae_zot_stationary_front, layout_cathedral_of_symmetry
Zot:2:    layout_cellular_growth
Zot:3:    layout_basic
Zot:4:    layout_cellular_growth
Zot:5:    layout_gridlike

Skill      XL: |  1  2  3  4  5  6  7  8  9 10 11 12 13 14 15 16 17 18 19 20 21 22 23 24 25 26 27 |
---------------+----------------------------------------------------------------------------------+-----
Ranged Weapons | 5 6 7 8 9 10 11 12 13 14 15 16 17 18 19 20 | 20.0
Fighting       | 4 5 7 8 9 10 11 12 13 14 15 17 18 20 21 22 23 24 25 27 | 27.0
Dodging        | 4 5 7 9 10 11 12 13 15 17 18 20 21 23 24 25 26 27 | 27.0
Invocations    | 2 4 5 7 8 9 10 11 12 | 12.0
Armour         | 7 11 13 14 | 14.0
Evocations     | 1 5 7 9 10 12 18 | 18.1
Stealth        | |  1.0

Action                     |  1- 3 |  4- 6 |  7- 9 | 10-12 | 13-15 | 16-18 | 19-21 | 22-24 | 25-27 || total
---------------------------+-------+-------+-------+-------+-------+-------+-------+-------+-------++-------
   Fire: Shortbow          |    91 |   229 |   420 |    24 |       |       |       |       |       ||   764
         Orcbow            |       |       |   118 |  1076 |    54 |       |       |       |       ||  1248
         Longbow           |       |       |       |       |   823 |  1255 |  1410 |  1300 |  1398 ||  6186
  Throw: Dart              |       |       |       |     1 |       |       |       |       |       ||     1
         Throwing net      |       |       |       |     1 |       |       |       |       |       ||     1
 Invoke: Heroism           |       |       |       |     6 |     4 |    16 |     8 |    10 |     9 ||    53
         Receive Weapon    |       |       |       |       |     1 |       |       |       |       ||     1
         Receive Armour    |       |       |       |       |     1 |       |       |       |       ||     1
         Finesse           |       |       |       |       |     1 |     4 |     6 |     9 |     3 ||    23
         Duel              |       |       |       |       |       |       |     2 |     4 |     1 ||     7
  Evoke: Wand              |       |       |     2 |     4 |       |       |       |     3 |     3 ||    12
         Phial of floods   |       |       |       |       |       |     2 |     1 |       |     1 ||     4
         Tin of tremorston |       |       |       |       |       |       |       |     3 |       ||     3
    Use: Scroll            |     3 |     4 |    13 |     7 |     7 |     7 |     3 |     5 |    11 ||    60
         Potion            |       |       |     2 |     6 |     2 |     2 |     9 |    10 |    10 ||    41
 Armour: Leather armour    |    22 |    21 |    55 |       |       |       |       |       |       ||    98
         Acid dragon scale |       |       |       |    50 |       |       |       |       |       ||    50
         Troll leather arm |       |       |       |   161 |    39 |       |       |       |       ||   200
         Quicksilver drago |       |       |       |       |    70 |   147 |   169 |   154 |   201 ||   741
  Dodge: Dodged            |    24 |    41 |   178 |   828 |   570 |   511 |   542 |   739 |   688 ||  4121
  Block: Other             |       |     4 |    51 |    41 |       |       |       |       |       ||    96
         Reflection        |       |       |     6 |       |       |       |       |       |       ||     6

Table legend: (Time is in decaauts)
 A = Elapsed time spent in this place.
 B = Non-inter-level travel time spent in this place.
 C = Inter-level travel time spent in this place.
 D = Time resting spent in this place.
 E = Time spent auto-exploring this place.
 F = Levels seen in this place.
 G = Mean time per level.
                   A        B        C        D        E       F      G
               +--------+--------+--------+--------+--------+-----+--------+
         Total |  51524 |  46720 |   4804 |   6987 |  27266 |  64 |  805.1 |
       Dungeon |  16123 |  14294 |   1829 |   2313 |   8300 |  15 | 1074.9 |
        Temple |      1 |      1 |      0 |      0 |      0 |   1 |    1.0 |
          Lair |   5866 |   5214 |    652 |    305 |   3482 |   5 | 1173.2 |
         Swamp |   2514 |   2343 |    171 |    516 |   1345 |   4 |  628.5 |
     Snake Pit |   3401 |   3226 |    175 |    353 |   2065 |   4 |  850.2 |
    Slime Pits |   1679 |   1504 |    175 |    233 |    668 |   5 |  335.8 |
  Orcish Mines |   1812 |   1294 |    518 |     87 |    932 |   2 |  906.0 |
   Elven Halls |   2974 |   2778 |    196 |    315 |   1807 |   3 |  991.3 |
        Vaults |   4655 |   4234 |    421 |    427 |   2923 |   4 | 1163.8 |
        Depths |   4428 |   4176 |    252 |    648 |   2538 |   4 | 1107.0 |
           Zot |   5375 |   4962 |    413 |   1144 |   2471 |   5 | 1075.0 |
         Trove |     92 |     92 |      0 |      0 |     69 |   1 |   92.0 |
       Ossuary |    494 |    494 |      0 |     64 |    156 |   1 |  494.0 |
        Bailey |    675 |    675 |      0 |    377 |     81 |   1 |  675.0 |
      Ice Cave |    637 |    637 |      0 |    125 |    162 |   1 |  637.0 |
    Desolation |    683 |    683 |      0 |     52 |    266 |   1 |  683.0 |
         Arena |    108 |    108 |      0 |     24 |      0 |   7 |   15.4 |
               +--------+--------+--------+--------+--------+-----+--------+

Top non-repeatable levels by time:
     D:7: 1856 daAuts
Vaults:1: 1813 daAuts
   Elf:3: 1583 daAuts
   Zot:5: 1523 daAuts
     D:9: 1494 daAuts
     D:8: 1431 daAuts
  Lair:1: 1359 daAuts
     D:3: 1305 daAuts
   Zot:1: 1303 daAuts
   Orc:2: 1285 daAuts
Vaults:2: 1252 daAuts
  Lair:3: 1242 daAuts
Depths:1: 1216 daAuts
  Lair:5: 1203 daAuts
     D:6: 1203 daAuts
